TOP OF THE 1ST |
Charleston Battery batting - Pitching for Thunder Bay Northern Lions BC : LHP Steve Hale
|
Pitching: LHP Steve Hale
|
|
Batting: LHB Horace Ellis
|
0-0: Foul Ball, location: 2F 0-1: Ball 1-1: Called Strike 1-2: Strikes out swinging
|
Batting: LHB Steve Scott
|
0-0: Fly out, F8 (Flyball, 8LM, EV 82.5 MPH)
|
Batting: LHB Lang Ouyang
|
0-0: Fly out, F4 (Popup, 4S, EV 76.2 MPH)
|
Top of the 1st over - 0 runs, 0 hits, 0 errors, 0 left on base; Charleston 0 - Thunder Bay 0 |
BOTTOM OF THE 1ST |
Thunder Bay Northern Lions BC batting - Pitching for Charleston Battery : RHP Rubén Sánchez
|
Pitching: RHP Rubén Sánchez
|
|
Batting: RHB Jacob Grimsey
|
0-0: Ball 1-0: Swinging Strike 1-1: Called Strike 1-2: Ball 2-2: Foul Ball, location: 2F 2-2: Strikes out swinging
|
Batting: SHB Celestino Canova
|
0-0: SINGLE (Flyball, 8LS, EV 85.0 MPH)
|
Batting: RHB Marcantonio Talamante
|
0-0: Fly out, F9 (Flyball, 9D, EV 103.1 MPH)
|
Batting: RHB Jack Lazarus
|
0-0: Ball 1-0: Ball 2-0: Foul Ball, location: 2F 2-1: Swinging Strike 2-2: Foul Ball, location: 2F 2-2: Strikes out swinging
|
Bottom of the 1st over - 0 runs, 1 hit, 0 errors, 1 left on base; Charleston 0 - Thunder Bay 0 |
TOP OF THE 2ND |
Charleston Battery batting - Pitching for Thunder Bay Northern Lions BC : LHP Steve Hale
|
Batting: RHB Rolf Pauw
|
0-0: Called Strike 0-1: Foul Ball, location: 2F 0-2: Strikes out swinging
|
Batting: LHB Edgar González
|
0-0: Ball 1-0: SINGLE (Groundball, 3D, EV 94.4 MPH)
|
Batting: LHB Alan Coxall
|
0-0: Ball 1-0: Ball Wild Pitch! Edgar González to second 2-0: Foul Ball, location: 2F 2-1: Ball 3-1: Ground out U3 (Groundball, 34D, EV 85.6 MPH) Edgar González to third
|
Batting: LHB Norbert King
|
0-0: Ball 1-0: Ball 2-0: Called Strike 2-1: Fly out, F8 (Flyball, 8LD, EV 106.2 MPH)
|
Top of the 2nd over - 0 runs, 1 hit, 0 errors, 1 left on base; Charleston 0 - Thunder Bay 0 |
BOTTOM OF THE 2ND |
Thunder Bay Northern Lions BC batting - Pitching for Charleston Battery : RHP Rubén Sánchez
|
Batting: RHB Bob Hawkins
|
0-0: Swinging Strike 0-1: Ball 1-1: Ball 2-1: Ball 3-1: Called Strike 3-2: Strikes out looking
|
Batting: RHB Tyler Harris
|
0-0: DOUBLE (Line Drive, 5D, EV 107.5 MPH)
|
Batting: RHB Dusty Crum
|
0-0: TRIPLE (Line Drive, 9D, EV 99.4 MPH) Tyler Harris scores
|
Batting: RHB Leonard Saunders
|
0-0: Ball 1-0: Ground out 6-3 (Groundball, 6M, EV 89.4 MPH) Dusty Crum scores
|
Batting: LHB Andy Gould
|
0-0: Called Strike 0-1: Ball 1-1: Ball 2-1: Ground out U3 (Groundball, 34S, EV 66.9 MPH)
|
Bottom of the 2nd over - 2 runs, 2 hits, 0 errors, 0 left on base; Charleston 0 - Thunder Bay 2 |
TOP OF THE 3RD |
Charleston Battery batting - Pitching for Thunder Bay Northern Lions BC : LHP Steve Hale
|
Batting: SHB Ji-hoon Ku
|
0-0: Ball 1-0: Called Strike 1-1: Foul Ball, location: 2F 1-2: Foul Ball, location: 2F 1-2: Fly out, F5 (Popup, 5S, EV 90.6 MPH)
|
Batting: RHB Will McClerey
|
0-0: Ground out 4-3 (Groundball, 4, EV 95.6 MPH)
|
Batting: LHB Horace Ellis
|
0-0: Ball 1-0: Ground out 4-3 (Groundball, 4, EV 90.0 MPH)
|
Top of the 3rd over - 0 runs, 0 hits, 0 errors, 0 left on base; Charleston 0 - Thunder Bay 2 |
BOTTOM OF THE 3RD |
Thunder Bay Northern Lions BC batting - Pitching for Charleston Battery : RHP Rubén Sánchez
|
Batting: RHB Jacob Grimsey
|
0-0: Called Strike 0-1: Ball 1-1: Swinging Strike 1-2: Ball 2-2: Foul Ball, location: 2F 2-2: Ball 3-2: Base on Balls
|
Batting: SHB Celestino Canova
|
0-0: Ball 1-0: Foul Ball, location: 2F 1-1: Called Strike 1-2: Strikes out looking
|
Batting: RHB Marcantonio Talamante
|
0-0: Foul Ball, location: 2F 0-1: Fly out, F9 (Flyball, 9S, EV 91.9 MPH)
|
Batting: RHB Jack Lazarus
|
0-0: Called Strike 0-1: Ball 1-1: Ball 2-1: Swinging Strike 2-2: Strikes out swinging
|
Bottom of the 3rd over - 0 runs, 0 hits, 0 errors, 1 left on base; Charleston 0 - Thunder Bay 2 |
TOP OF THE 4TH |
Charleston Battery batting - Pitching for Thunder Bay Northern Lions BC : LHP Steve Hale
|
Batting: LHB Steve Scott
|
0-0: Called Strike 0-1: Fly out, F4 (Popup, 13, EV 73.8 MPH)
|
Batting: LHB Lang Ouyang
|
0-0: Ball 1-0: Called Strike 1-1: Ball 2-1: Swinging Strike 2-2: Ball 3-2: Fly out, F7 (Flyball, 78S, EV 81.2 MPH)
|
Batting: RHB Rolf Pauw
|
0-0: Fly out, F8 (Line Drive, 8RD, EV 107.5 MPH)
|
Top of the 4th over - 0 runs, 0 hits, 0 errors, 0 left on base; Charleston 0 - Thunder Bay 2 |
BOTTOM OF THE 4TH |
Thunder Bay Northern Lions BC batting - Pitching for Charleston Battery : RHP Rubén Sánchez
|
Batting: RHB Bob Hawkins
|
0-0: Ball 1-0: Called Strike 1-1: Ball 2-1: Ball 3-1: Called Strike 3-2: Base on Balls
|
Batting: RHB Tyler Harris
|
0-0: Called Strike 0-1: Ball 1-1: Foul Ball, location: 2F 1-2: Foul Ball, location: 2F 1-2: Ball 2-2: SINGLE (Groundball, 6M, EV 93.8 MPH) Bob Hawkins to second
|
Batting: RHB Dusty Crum
|
0-0: Ball 1-0: Ball 2-0: Ball 3-0: Base on Balls Bob Hawkins to third Tyler Harris to second
|
Batting: RHB Leonard Saunders
|
0-0: Ball 1-0: Called Strike 1-1: Swinging Strike 1-2: Ball 2-2: Ball 3-2: Base on Balls Bob Hawkins scores Tyler Harris to third Dusty Crum to second
|
Batting: LHB Andy Gould
|
0-0: GRAND SLAM HOME RUN (Flyball, 89XD, EV 95.0 MPH), Distance : 382 ft
|
Pitching: RHP Harvey Caldwell
|
|
Batting: RHB Jacob Grimsey
|
0-0: Called Strike 0-1: Called Strike 0-2: Fly out, F7 (Flyball, 78M, EV 76.2 MPH)
|
Batting: SHB Celestino Canova
|
0-0: Foul Ball, location: 2F 0-1: Ball 1-1: Foul Ball, location: 2F 1-2: Ball 2-2: Foul Ball, location: 2F 2-2: Foul Ball, location: 2F 2-2: Fly out, F9 (Flyball, 9, EV 83.1 MPH)
|
Batting: RHB Marcantonio Talamante
|
0-0: Ball 1-0: Fly out, F7 (Flyball, 7, EV 88.8 MPH)
|
Bottom of the 4th over - 5 runs, 2 hits, 0 errors, 0 left on base; Charleston 0 - Thunder Bay 7 |
TOP OF THE 5TH |
Charleston Battery batting - Pitching for Thunder Bay Northern Lions BC : LHP Steve Hale
|
Batting: LHB Edgar González
|
0-0: Swinging Strike 0-1: Ball 1-1: SINGLE (Groundball, 4MS, EV 66.2 MPH) (infield hit)
|
Batting: LHB Alan Coxall
|
0-0: Ball 1-0: Ball Wild Pitch! Edgar González to second 2-0: Called Strike 2-1: Ground out U3 (Groundball, 3, EV 100.6 MPH) Edgar González to third
|
Batting: LHB Norbert King
|
0-0: Ball 1-0: Ground out 4-3 (Groundball, 4, EV 88.8 MPH) Edgar González scores
|
Batting: SHB Ji-hoon Ku
|
0-0: Called Strike 0-1: Foul Ball, location: 2F 0-2: Strikes out swinging
|
Top of the 5th over - 1 run, 1 hit, 0 errors, 0 left on base; Charleston 1 - Thunder Bay 7 |
BOTTOM OF THE 5TH |
Thunder Bay Northern Lions BC batting - Pitching for Charleston Battery : RHP Harvey Caldwell
|
Batting: RHB Jack Lazarus
|
0-0: Ball 1-0: Called Strike 1-1: Ball 2-1: Ground out 6-3 (Groundball, 6, EV 83.8 MPH)
|
Batting: RHB Bob Hawkins
|
0-0: SINGLE (Line Drive, 7S, EV 105.6 MPH)
|
Batting: RHB Tyler Harris
|
0-0: Fielders Choice at 2nd, 4-6 (Groundball, 34, EV 103.1 MPH)
|
Batting: RHB Dusty Crum
|
0-0: Ball Tyler Harris steals 2nd base 1-0: Called Strike 1-1: Ball 2-1: Fly out, F7 (Flyball, 78S, EV 87.5 MPH)
|
Bottom of the 5th over - 0 runs, 1 hit, 0 errors, 1 left on base; Charleston 1 - Thunder Bay 7 |
TOP OF THE 6TH |
Charleston Battery batting - Pitching for Thunder Bay Northern Lions BC : LHP Steve Hale
|
Batting: RHB Will McClerey
|
0-0: Called Strike 0-1: Ball 1-1: Ball 2-1: Ground out 5-3 (Groundball, 56, EV 80.6 MPH)
|
Batting: LHB Horace Ellis
|
0-0: Ball 1-0: Ball 2-0: SINGLE (Groundball, 4MD, EV 103.8 MPH)
|
Batting: LHB Steve Scott
|
0-0: Foul Ball, location: 2F 0-1: Fielders Choice at 2nd, 3-6 (Groundball, 3, EV 90.6 MPH)
|
Batting: LHB Lang Ouyang
|
0-0: Called Strike Steve Scott steals 2nd base 0-1: Ball 1-1: Fly out, F6 (Popup, 4MD, EV 54.4 MPH)
|
Top of the 6th over - 0 runs, 1 hit, 0 errors, 1 left on base; Charleston 1 - Thunder Bay 7 |
BOTTOM OF THE 6TH |
Thunder Bay Northern Lions BC batting - Pitching for Charleston Battery : RHP Harvey Caldwell
|
Batting: RHB Leonard Saunders
|
0-0: SINGLE (Line Drive, 4D, EV 103.8 MPH)
|
Batting: LHB Andy Gould
|
0-0: Called Strike 0-1: Called Strike 0-2: Foul Ball, location: 2F 0-2: Foul Ball, location: 2F 0-2: Foul Ball, location: 2F 0-2: Foul Ball, location: 2F 0-2: Ball 1-2: Foul Ball, location: 2F 1-2: SINGLE (Groundball, 5S, EV 69.4 MPH) (infield hit) Leonard Saunders to second
|
Batting: RHB Jacob Grimsey
|
0-0: Ball 1-0: Foul Ball, location: 2F 1-1: Fly out, F9 (Flyball, 9D, EV 82.5 MPH) Runner from 2nd tags up, SAFE at 3rd, no throw by RF
|
Batting: SHB Celestino Canova
|
0-0: Called Strike 0-1: Foul Ball, location: 2F 0-2: Foul Ball, location: 2F 0-2: Fielders Choice at 2nd, 3-6 (Groundball, 3, EV 98.8 MPH) Leonard Saunders scores
|
Batting: RHB Marcantonio Talamante
|
0-0: Called Strike 0-1: Fielders Choice at 2nd, 5-4 (Groundball, 5, EV 81.9 MPH)
|
Bottom of the 6th over - 1 run, 2 hits, 0 errors, 1 left on base; Charleston 1 - Thunder Bay 8 |
TOP OF THE 7TH |
Charleston Battery batting - Pitching for Thunder Bay Northern Lions BC : LHP Steve Hale
|
Batting: RHB Rolf Pauw
|
0-0: Foul Ball, location: 2F 0-1: Fly out, F8 (Flyball, 89M, EV 86.2 MPH)
|
Batting: LHB Edgar González
|
0-0: Foul Ball, location: 2F 0-1: Swinging Strike 0-2: Ball 1-2: Ground out U3 (Groundball, 34S, EV 86.2 MPH)
|
Batting: LHB Alan Coxall
|
0-0: Ball 1-0: Called Strike 1-1: Ball 2-1: Ball 3-1: SINGLE (Groundball, 4MD, EV 110.0 MPH)
|
Batting: LHB Norbert King
|
0-0: Called Strike 0-1: Foul Ball, location: 2F 0-2: Ball 1-2: Strikes out swinging
|
Top of the 7th over - 0 runs, 1 hit, 0 errors, 1 left on base; Charleston 1 - Thunder Bay 8 |
BOTTOM OF THE 7TH |
Thunder Bay Northern Lions BC batting - Pitching for Charleston Battery : RHP Harvey Caldwell
|
Batting: RHB Jack Lazarus
|
0-0: Ball 1-0: Ground out 3-1 (Groundball, 34, EV 82.5 MPH)
|
Batting: RHB Bob Hawkins
|
0-0: Swinging Strike 0-1: Ball 1-1: Ball 2-1: Ground out 6-3 (Groundball, 56, EV 95.6 MPH)
|
Pinch Hitting: LHB Clarence Hogan
|
0-0: Ball 1-0: Ground out 5-3 (Groundball, 56, EV 88.1 MPH)
|
Bottom of the 7th over - 0 runs, 0 hits, 0 errors, 0 left on base; Charleston 1 - Thunder Bay 8 |
TOP OF THE 8TH |
Charleston Battery batting - Pitching for Thunder Bay Northern Lions BC : LHP Steve Hale
|
Now at 2B: Clarence Hogan
|
|
Batting: SHB Ji-hoon Ku
|
0-0: Called Strike 0-1: Foul Ball, location: 2F 0-2: Strikes out looking
|
Batting: RHB Will McClerey
|
0-0: Foul Ball, location: 2F 0-1: Foul Ball, location: 2F 0-2: Ball 1-2: Ball 2-2: Ball 3-2: Fly out, F6 (Popup, 15S, EV 86.2 MPH)
|
Batting: LHB Horace Ellis
|
0-0: Ball 1-0: Foul Ball, location: 2F 1-1: Swinging Strike 1-2: Strikes out looking
|
Top of the 8th over - 0 runs, 0 hits, 0 errors, 0 left on base; Charleston 1 - Thunder Bay 8 |
BOTTOM OF THE 8TH |
Thunder Bay Northern Lions BC batting - Pitching for Charleston Battery : RHP Harvey Caldwell
|
Batting: RHB Dusty Crum
|
0-0: Foul Ball, location: 2F 0-1: Ball 1-1: Ball 2-1: Swinging Strike 2-2: Foul Ball, location: 2F 2-2: Strikes out swinging
|
Batting: RHB Leonard Saunders
|
0-0: Ball 1-0: Ball 2-0: Ground out 5-3 (Groundball, 56, EV 80.6 MPH)
|
Batting: LHB Andy Gould
|
0-0: Foul Ball, location: 2F 0-1: Ball 1-1: Foul Ball, location: 2F 1-2: Foul Ball, location: 2F 1-2: Ball 2-2: Foul Ball, location: 2F 2-2: SINGLE (Groundball, 6MS, EV 61.9 MPH) (infield hit)
|
Batting: RHB Jacob Grimsey
|
0-0: Swinging Strike 0-1: Called Strike 0-2: Strikes out looking
|
Bottom of the 8th over - 0 runs, 1 hit, 0 errors, 1 left on base; Charleston 1 - Thunder Bay 8 |
TOP OF THE 9TH |
Charleston Battery batting - Pitching for Thunder Bay Northern Lions BC : LHP Steve Hale
|
Batting: LHB Steve Scott
|
0-0: Ball 1-0: Ball 2-0: SINGLE (Line Drive, 4MD, EV 94.4 MPH)
|
Batting: LHB Lang Ouyang
|
0-0: Fly out, F8 (Flyball, 8RXD, EV 91.9 MPH)
|
Batting: RHB Rolf Pauw
|
0-0: Ball 1-0: Foul Ball, location: 2F 1-1: Foul Ball, location: 2F 1-2: Ball 2-2: Ground out 6-3 (Groundball, 6MS, EV 66.9 MPH) Steve Scott to second
|
Pitching: LHP Mark Antrim
|
|
Batting: LHB Edgar González
|
0-0: Called Strike 0-1: Foul Ball, location: 2F 0-2: Ball 1-2: Fly out, F6 (Popup, 6M, EV 70.6 MPH)
|
Top of the 9th over - 0 runs, 1 hit, 0 errors, 1 left on base; Charleston 1 - Thunder Bay 8 |
|